 Dungeon Crawl Stone Soup version 0.24-a0-537-g2d01d4ab0a (webtiles) character file.

Game seed: 5588351724807270056

1993 DavidChitty2 the Destroyer (level 9, -3/75 HPs)
             Began as a Black Draconian Conjurer on Aug 14, 2019.
             Slain by Joseph
             ... wielding a +1 quarterstaff of crushing
              (19 damage)
             ... on level 7 of the Dungeon.
             The game lasted 00:16:58 (9823 turns).

DavidChitty2 the Destroyer (DrCj)                   Turns: 9823, Time: 00:16:59

Health: -3/75      AC:  7    Str: 11    XL:     9   Next: 1%
Magic:  0/17       EV: 12    Int: 19    God:
Gold:   329        SH:  0    Dex: 11    Spells: 12/19 levels left

rFire    . . .     SeeInvis .   a - +1 rapier (venom)
rCold    . . .     Gourm    +   (no shield)
rNeg     . . .     Faith    .   (armour unavailable)
rPois    .         Spirit   .   (helmet restricted)
rElec    +         Reflect  .   (no cloak)
rCorr    .         Harm     .   (no gloves)
MR       +....                  (no boots)
Stlth    ++........             d - amulet of the gourmand
HPRegen  0.22/turn              l - ring of protection from magic
MPRegen  0.15/turn              (no ring)

@: no status effects
A: breathe lightning, unfitting armour, electricity resistance, cold-blooded, AC
+7
a: Breathe Lightning


You were on level 7 of the Dungeon.
You were completely stuffed.

You visited 1 branch of the dungeon, and saw 7 of its levels.

You collected 329 gold pieces.

Inventory:

Hand Weapons
 a - a +1 rapier of venom (weapon)
   (You took it off Duvessa on level 5 of the Dungeon)
Missiles
 h - 225 stones (quivered)
 u - 2 throwing nets {!f}
Jewellery
 d - an amulet of the gourmand (around neck)
   (You found it on level 1 of the Dungeon)
 l - a ring of protection from magic (left hand)
   (You found it on level 6 of the Dungeon)
Wands
 q - a wand of clouds (9)
   (You found it on level 5 of the Dungeon)
Scrolls
 b - 2 scrolls of fog
 f - 5 scrolls of teleportation {@r4}
 g - a scroll of remove curse {@r2}
 p - a scroll of enchant armour
 w - a scroll of noise {unknown}
Potions
 c - a potion of lignification {unknown}
 i - 3 potions of mutation {!q}
 j - a potion of degeneration {unknown}
 k - a potion of heal wounds {@q2}
 m - a potion of haste {@q3}
 n - a potion of resistance
 o - a potion of might
 r - 2 potions of flight
 s - a potion of curing {unknown}
 v - a potion of brilliance {unknown}
Comestibles
 e - 17 rations {!d}
 x - 3 chunks of flesh


   Skills:
 + Level 6.2 Fighting
 - Level 1.7 Dodging
 - Level 1.7 Stealth
 + Level 5.7 Spellcasting
 * Level 9.3 Conjurations


You had 12 spell levels left.
You knew the following spells:

 Your Spells              Type           Power        Failure   Level  Hunger
a - Magic Dart            Conj           ####         1%          1    None
s - Searing Ray           Conj           #####.       1%          2    None
x - Iskenderun's Mystic   Conj           #####...     2%          4    ####...

Your spell library contained the following spells:

 Spells                   Type           Power        Failure   Level  Hunger
 Shock                    Conj/Air       ###.         1%          1    None
 Dazzling Spray           Conj/Hex       ###...       4%          3    ##.....
 Static Discharge         Conj/Air       ###.....     4%          3    ##.....
 Swiftness                Chrm/Air       #.......     17%         2    None
 Force Lance              Conj/Tloc      ###.....     17%         4    ####...
 Fulminant Prism          Conj/Hex       ###.......   17%         4    ####...
 Lightning Bolt           Conj/Air       ###.......   43%         5    #####..
 Airstrike                Air            #.........   75%         4    ####...


Dungeon Overview and Level Annotations

Branches:
Dungeon (7/15)             Temple (0/1) D:7

Altars:
Dithmenos
Hepliaklqana
Kikubaaqudgha
Nemelex Xobeh
Okawaru
Yredelemnul

Shops:
D:6 =

Annotations:
D:2 exclusion: downstairs
D:7 Joseph


Innate Abilities, Weirdness & Mutations

You can breathe wild blasts of lightning.
Your glossy black scales are hard. (AC +7)
You cannot fit into any form of body armour.
You are resistant to electric shocks. (rElec)
You are cold-blooded and may be slowed by cold attacks.


Message History

The crimson imp blinks!
Aim: Joseph, wielding a +0 hunting sling and wearing a +2 ring mail of magic resistance (unusually resistant)
The searing ray hits Joseph. (Press . to maintain the ray.) Joseph shoots a sling bullet.
The sling bullet closely misses you.
The sling bullet hits the crimson imp!
The crimson imp dies!
The searing ray hits Joseph.
Joseph shoots a sling bullet.
The sling bullet closely misses you.
The searing ray hits Joseph!
Joseph shoots a sling bullet.
The sling bullet hits you!
The searing ray hits Joseph!
You finish channeling your searing ray.
Joseph shoots a sling bullet.
The sling bullet barely misses you.
Aim: Joseph, wielding a +0 hunting sling and wearing a +2 ring mail of magic resistance (heavily wounded, unusually resistant)
The magic dart hits Joseph but does no damage.
Joseph shoots a sling bullet.
The sling bullet hits you.
Aim: Joseph, wielding a +0 hunting sling and wearing a +2 ring mail of magic resistance (heavily wounded, unusually resistant)
The searing ray hits Joseph. (Press . to maintain the ray.) Unknown command.
The searing ray hits Joseph.
Joseph unwields a +0 hunting sling.
Joseph wields a +1 quarterstaff of crushing.
Joseph closely misses you.
The searing ray hits Joseph!
Joseph barely misses you.
The searing ray hits Joseph.
You finish channeling your searing ray.
Joseph hits you but does no damage.
Aim: Joseph, wielding a +1 quarterstaff of crushing and wearing a +2 ring mail of magic resistance (severely wounded, unusually resistant)
The magic dart hits Joseph but does no damage.
Joseph misses you.
Aim: Joseph, wielding a +1 quarterstaff of crushing and wearing a +2 ring mail of magic resistance (severely wounded, unusually resistant)
The magic dart hits Joseph.
Joseph hits you with a +1 quarterstaff of crushing.
* * * LOW HITPOINT WARNING * * *
You hit Joseph. You tail-slap Joseph, but do no damage.
Joseph hits you with a +1 quarterstaff of crushing.
* * * LOW HITPOINT WARNING * * *
* * * LOW HITPOINT WARNING * * *
You hit Joseph. You tail-slap Joseph, but do no damage.
Joseph hits you but does no damage.
You hit Joseph but do no damage.
Joseph is poisoned.
Joseph is no longer unusually resistant.
Joseph closely misses you.
You hit Joseph but do no damage.
Joseph hits you with a +1 quarterstaff of crushing!
* * * LOW HITPOINT WARNING * * *
* * * LOW HITPOINT WARNING * * *
Aim: Joseph, wielding a +1 quarterstaff of crushing and wearing a +2 ring mail of magic resistance (almost dead, poisoned)
The magic dart hits Joseph.
Joseph hits you with a +1 quarterstaff of crushing!!
You die...

......#.#.###
#.#...#.#÷#.#
#.#.....#...#
#.#.#...#...#
#.#.#.#.....#
#.#.##....### #
#.#.#.......#
#.#.....#..##.########..
.......##.....(@@.(..(.#
..##.#.#....############
#........#.## ..
........##.# #### ##
#.......##)###..
......#.##..##.##
#..§#...###.##..##
.....#.@#........#
.................#


You could see Joseph.

Vanquished Creatures
  Menkaure (D:7)
  Duvessa (D:5)
  An orc warrior (D:6)
  2 sky beasts
  4 ogres
  A centaur (D:5)
  A bullfrog (D:7)
  A wyvern zombie (D:6)
  Dowan (D:5)
  A scorpion (D:6)
  A howler monkey (D:4)
  2 crimson imps (D:6)
  A hound (D:7)
  2 orc wizards (D:2)
  An orc priest (D:3)
  3 jellies
  A bullfrog skeleton (D:6)
  An iguana (D:6)
  5 worker ants
  Natasha (thrice) (D:3)
  A hound zombie (D:6)
  2 hound skeletons (D:4)
  Robin (D:3)
  10 adders
  4 gnolls (D:3)
  2 shadow imps
  An adder zombie (D:6)
  A worm (D:2)
  A dart slug (D:1)
  A leopard gecko (D:6)
  16 orcs
  2 ball pythons
  5 giant cockroaches
  8 goblins
  12 hobgoblins
  8 jackals
  4 quokkas
  8 bats
  7 frilled lizards
  A jackal skeleton (D:6)
  5 kobolds
  6 rats
140 creatures vanquished.

Vanquished Creatures (others)
  A crimson imp (D:7)
1 creature vanquished.

Grand Total: 141 creatures vanquished

Notes
Turn   | Place    | Note
-------+----------+-------------------------------------------
     0 | D:1      | DavidChitty2 the Draconian Conjurer began the quest for the
                  | Orb.
     0 | D:1      | Reached XP level 1. HP: 14/14 MP: 3/3
   324 | D:1      | Reached XP level 2. HP: 22/22 MP: 1/5
   336 | D:1      | Learned a level 2 spell: Searing Ray
   769 | D:1      | Reached skill level 1 in Fighting
  1356 | D:2      | Reached XP level 3. HP: 28/28 MP: 3/6
  2068 | D:2      | Found an iron altar of Okawaru.
  2507 | D:3      | Noticed a sky beast
  2536 | D:3      | Noticed Robin
  2673 | D:3      | Killed a sky beast
  2673 | D:3      | Reached skill level 5 in Conjurations
  2673 | D:3      | Reached XP level 4. HP: 21/37 MP: 0/8
  2673 | D:3      | Reached XP level 5. HP: 24/42 MP: 0/9
  2954 | D:3      | Killed Robin
  3095 | D:2      | Learned a level 4 spell: Iskenderun's Mystic Blast
  3097 | D:2      | Found an ancient bone altar of Kikubaaqudgha.
  3259 | D:3      | Noticed Natasha
  3544 | D:3      | Killed Natasha
  3777 | D:2      | Reached XP level 6. HP: 27/51 MP: 2/11
  3797 | D:2      | Reached skill level 6 in Conjurations
  4120 | D:3      | Noticed Natasha
  4140 | D:3      | Killed Natasha
  4170 | D:3      | Noticed Natasha
  4178 | D:3      | Killed Natasha
  5335 | D:4      | Your scales start taking on a glossy black colour.
  5335 | D:4      | Reached XP level 7. HP: 58/58 MP: 4/12
  5335 | D:4      | Gained mutation: You are resistant to electric shocks.
                  | (rElec) [Black Draconian growth]
  6248 | D:5      | Entered Level 5 of the Dungeon
  6287 | D:5      | Found a shadowy altar of Dithmenos.
  6549 | D:5      | Reached skill level 7 in Conjurations
  6704 | D:5      | Noticed Duvessa
  6704 | D:5      | Noticed Dowan
  6722 | D:5      | Killed Duvessa
  6795 | D:5      | Killed Dowan
  6847 | D:5      | Found a hazy altar of Hepliaklqana.
  7405 | D:5      | Reached XP level 8. HP: 67/67 MP: 10/14
  7636 | D:6      | Reached skill level 5 in Fighting
  7702 | D:6      | Reached skill level 8 in Conjurations
  7766 | D:6      | Found Omiveim's Jewellery Shoppe.
  8201 | D:6      | Reached skill level 5 in Spellcasting
  9037 | D:6      | Found a sparkling altar of Nemelex Xobeh.
  9040 | D:6      | Found a basalt altar of Yredelemnul.
  9336 | D:7      | Noticed Menkaure
  9446 | D:7      | Killed Menkaure
  9446 | D:7      | Reached skill level 9 in Conjurations
  9649 | D:7      | Reached XP level 9. HP: 73/75 MP: 10/17
  9763 | D:7      | Noticed Joseph
  9771 | D:7      | Found a staircase to the Ecumenical Temple.
  9823 | D:7      | Slain by Joseph

Levels and vault maps discovered:
D:1:      co_arrival_square_in_a_square_in_a_square, layout_loops_ring
D:2:      layout_loops_ring, okawaru_gym_becter, nicolae_overflow_hidden_temple,
          first_ration, chequers_garden, chequers_serial_rivers_marsh
D:3:      layout_rooms, grunt_decor_cap, hangedman_decor_diamond_cutter,
          uniq_robin, uniq_natasha
D:4:      layout_basic
D:5:      layout_basic, basic_altar, nicolae_dithmenos_through_a_glass_darkly,
          uniq_duvessa
D:6:      layout_cave_pods, grunt_temple_overflow_open, serial_shops,
          nicolae_shop_waterfront, hangedman_minor_gate_pass
D:7:      layout_rooms, minmay_temple_entry_proselytizer,
          serial_co_window_serial, co_window_paths_a, co_window_paths_b,
          co_window_corner_a, co_window_paths_a, co_window_paths_a,
          co_window_corner_a, co_window_paths_a, co_window_paths_b,
          co_window_paths_b, co_window_unsneaky_path_d,
          co_window_of_opportunity_b, co_window_paths_c, glass_columns_a,
          glass_columns_a, glass_columns_b, glass_columns_a, uniq_joseph,
          uniq_menkaure

Skill      XL: |  1  2  3  4  5  6  7  8 |
---------------+-------------------------+-----
Fighting       | 1 2 3 4 6 |  6.2
Spellcasting   | 3 4 5 |  5.7
Conjurations   | 5 6 7 9 |  9.3
Dodging        | |  1.7
Stealth        | |  1.7

Action                   |  1- 3 |  4- 6 |  7- 9 || total
-------------------------+-------+-------+-------++-------
Melee: Unarmed           |    17 |       |       ||    17
       Short sword       |    20 |    14 |       ||    34
       Tailslap          |     1 |     2 |     4 ||     7
       Rapier            |       |       |     8 ||     8
 Cast: Magic Dart        |    82 |    87 |   252 ||   421
       Searing Ray       |     2 |    10 |    10 ||    22
  Use: Scroll            |       |    11 |     3 ||    14
  Eat: Chunk             |    19 |     9 |    14 ||    42
Armor: Skin              |    20 |    13 |    34 ||    67
Dodge: Dodged            |    34 |    27 |    93 ||   154

Table legend:
 A = Non-vault XP
 B = Vault XP
 C = Vault XP percentage of total XP
 D = Non-vault monster count
 E = Vault monster count
 F = Vault count percentage of total count
                 A         B        C        D         E       F
            +---------+---------+-------+---------+---------+-------
      Total |    2191 |     657 |  23.1 |     116 |      24 |  17.1
            +---------+---------+-------+---------+---------+-------
        D:1 |      37 |       0 |   0.0 |      21 |       0 |   0.0
        D:2 |     137 |       0 |   0.0 |      19 |       0 |   0.0
        D:3 |     331 |      74 |  18.3 |      20 |      14 |  41.2
        D:4 |     235 |       0 |   0.0 |      13 |       0 |   0.0
        D:5 |     403 |     214 |  34.7 |      12 |       2 |  14.3
        D:6 |     604 |     204 |  25.2 |      21 |       7 |  25.0
        D:7 |     444 |     165 |  27.1 |      10 |       1 |   9.1
            +---------+---------+-------+---------+---------+-------
